 Dungeon Crawl Stone Soup version 0.16.2-3-ga078185 (webtiles) character file.

87 gorblad the Slasher (level 4, -3/35 HPs)
             Began as a Demonspawn Chaos Knight on Sept 6, 2015.
             Slain by a worker ant (6 damage)
             ... on level 3 of the Dungeon.
             The game lasted 00:06:27 (2191 turns).

gorblad the Slasher (Demonspawn Chaos Knight)       Turns: 2191, Time: 00:06:27

Health: -3/35      AC:  6    Str: 14    XL:     4   Next: 28%
Magic:  4/4        EV: 11    Int: 13    God:    Xom [..*...]
Gold:   64         SH:  0    Dex: 12    Spells: 0 memorised, 3 levels left

rFire  . . .     SeeInvis .     a - +0 falchion (chaos)
rCold  . . .     Clarity  .     b - +2 leather armour
rNeg   . . .     SustAb   .     (no shield)
rPois  .         Gourm    .     (helmet restricted)
rElec  .         Spirit   .     (no cloak)
rCorr  .         Warding  .     (no gloves)
rMut   .         Stasis   .     j - +0 pair of boots
MR     .....                    (no amulet)
Stlth  +.........               (no ring)
                                (no ring)

@: lethally poisoned (-3 -> -12), not resistant to hostile enchantments, very
unstealthy
A: antennae 1, claws 1, hooves 1
a: Renounce Religion


You were on level 3 of the Dungeon.
You worshipped Xom.
You were a toy of Xom.
You were not hungry.

You visited 1 branch of the dungeon, and saw 3 of its levels.

You collected 64 gold pieces.

Inventory:

Hand weapons
 a - a +0 falchion of chaos (weapon)
Armour
 b - a +2 leather armour (worn)
 j - a +0 pair of boots (worn)
Scrolls
 d - a scroll of amnesia {unknown}
 f - a scroll of remove curse {unknown}
 i - a scroll of identify {unknown}
 k - a scroll of enchant armour {unknown}
 l - a scroll of fear {unknown}
Potions
 e - a potion of magic {unknown}
 h - a potion of restore abilities {unknown}
 n - a potion of curing {unknown}
Comestibles
 c - a bread ration
 g - 2 meat rations
 m - a chunk of flesh


   Skills:
 + Level 3.5 Fighting
 + Level 3.6 Long Blades
 + Level 2.4 Armour
 + Level 1.4 Dodging
 + Level 0.2 Stealth


You had 3 spell levels left.
You didn't know any spells.

Dungeon Overview and Level Annotations

Branches:
Dungeon (3/15)

Altars:
Okawaru
Qazlal
Sif Muna
Xom


Innate Abilities, Weirdness & Mutations

You have a pair of small antennae on your head.
You have sharp fingernails.
You have large cloven feet.


Message History

* * * LOW HITPOINT WARNING * * *
You feel sick. The worker ant bites you.
* * * LOW HITPOINT WARNING * * *
You are more poisoned.
The worker ant poisons you!
There is an open door, spattered with blood here.
Items here: ) [ ††† a dagger; a leather armour; an orc corpse; an adder corpse; a bat corpse You are too injured to fight recklessly!
You are too injured to fight recklessly!
You are too injured to fight recklessly!
You are too injured to fight recklessly!
You are too injured to fight recklessly!
You are too injured to fight recklessly!
You are too injured to fight recklessly!
You hit the worker ant. You freeze the worker ant.
The worker ant is almost dead.
* * * LOW HITPOINT WARNING * * *
You feel sick. The worker ant closely misses you. The worker ant bites you.
You die...

#.###########.#
#.# #.# #.# #.#
#.# #.# #.#
#####@######
#....a.....#
#.......[..#
#..........#
#..........#
#..<.......#
+....>.....#
#).........#
#..........#


You could see a worker ant (berserk).

Vanquished Creatures
  A giant mite (D:1)
  2 adders
  4 worms
  2 giant geckos
  An orc (D:3)
  A giant cockroach (D:2)
  5 hobgoblins
  4 kobolds
  5 bats
  A giant newt (D:2)
  8 goblins
  A quokka (D:2)
  2 rats (D:1)
37 creatures vanquished.

Notes
Turn   | Place    | Note
--------------------------------------------------------------
     0 | D:1      | gorblad, the Demonspawn Chaos Knight, began the quest for the Orb.
     0 | D:1      | Reached XP level 1. HP: 18/18 MP: 1/1
   316 | D:1      | Reached skill level 1 in Dodging
   316 | D:1      | Gained mutation: You have a pair of small antennae on your head. [demonic ancestry]
   316 | D:1      | Reached XP level 2. HP: 13/24 MP: 2/2
  1163 | D:1      | Gained mutation: You have large cloven feet. [demonic ancestry]
  1163 | D:1      | Reached XP level 3. HP: 15/29 MP: 3/3
  1387 | D:2      | XOM: harmless Divn miscast
  1521 | D:2      | XOM: divination: detect items
  1653 | D:2      | Found a shimmering altar of Xom.
  1738 | D:2      | Found an iron altar of Okawaru.
  1812 | D:2      | Gained mutation: You have sharp fingernails. [demonic ancestry]
  1812 | D:2      | Reached XP level 4. HP: 22/35 MP: 4/4
  1839 | D:2      | Found a stormy altar of Qazlal.
  1839 | D:2      | Noticed an air elemental
  1845 | D:2      | Noticed a water elemental
  1846 | D:2      | Noticed an earth elemental
  1846 | D:2      | Noticed a fire elemental
  1982 | D:2      | Found a deep blue altar of Sif Muna.
  2191 | D:3      | Slain by a worker ant

Action                   |  1- 3 |  4- 6 || total
-------------------------+-------+-------++-------
Melee: Falchion          |   104 |    37 ||   141
 Stab: Paralysed         |     2 |       ||     2
  Eat: Bread ration      |     1 |       ||     1
